 Dungeon Crawl Stone Soup version 0.17-a0-2055-gb4e23be (webtiles) character file.

15799 DMSwoyer the Blocker (level 12, -17/157 HPs)
             Began as a Minotaur Berserker on Oct 11, 2015.
             Was an Elder of Trog.
             Killed from afar by a merfolk aquamancer (42 damage)
             ... with a great wave of water
             ... on level 1 of the Shoals.
             The game lasted 02:45:54 (14822 turns).

DMSwoyer the Blocker (Minotaur Berserker)          Turns: 14822, Time: 02:45:55

Health: -17/157    AC: 21    Str: 31    XL:     12   Next: 4%
Magic:  11/11      EV:  8    Int:  4    God:    Trog [****..]
Gold:   729        SH: 21    Dex: 11    Spells: 0 memorised, 11 levels left

rFire  . . .     SeeInvis .     E - +3 war axe
rCold  . . .     Clarity  .     G - +0 plate armour
rNeg   . . .     SustAt   +     M - +1 large shield
rPois  +         Gourm    .     (helmet restricted)
rElec  .         Spirit   .     p - +0 cloak
rCorr  .         Warding  .     z - +0 pair of gloves
rMut   .         Stasis   .     u - +2 pair of boots
MR     .....                    (no amulet)
Stlth  ..........               d - ring of sustain attributes
                                K - ring of poison resistance

@: berserking (expiring), very quick, not resistant to hostile enchantments,
extremely unstealthy
A: retaliatory headbutt, horns 2
a: Burn Spellbooks, Berserk, Trog's Hand, Brothers in Arms, Renounce Religion


You were on level 1 of the Shoals.
You worshipped Trog.
Trog was greatly pleased with you.
You were not hungry.

You visited 4 branches of the dungeon, and saw 13 of its levels.

You collected 729 gold pieces.

Inventory:

Hand Weapons
 C - a +0 blowgun
 E - a +3 war axe (weapon)
 R - a +0 trident
 S - a +2 hand axe of electrocution
Missiles
 a - 5 steel tomahawks
 j - 5 curare-tipped needles
 D - 6 javelins of returning (quivered)
 N - 5 poisoned tomahawks
 Y - 59 poisoned needles
Armour
 p - a +0 cloak (worn)
 u - a +2 pair of boots (worn)
 z - a +0 pair of gloves (worn)
 G - a +0 plate armour (worn)
 M - a +1 large shield (worn)
 U - a +0 chain mail
Jewellery
 d - a ring of sustain attributes (right hand)
 q - an uncursed ring of ice
 B - an uncursed ring of protection from cold
 K - a ring of poison resistance (left hand)
Wands
 h - a wand of draining (2)
 k - a wand of enslavement (13)
 H - a wand of paralysis (14)
Scrolls
 f - a scroll of fear
 g - 4 scrolls of remove curse
 m - 9 scrolls of identify
 n - a scroll of magic mapping {unknown}
 o - a scroll of immolation
 s - 3 scrolls of teleportation
 v - 3 scrolls of noise
 w - a scroll of enchant weapon
 y - a scroll of amnesia
 A - 2 scrolls of enchant armour
 O - a scroll of random uselessness {unknown}
 P - a scroll of fog
 X - a scroll of blinking {unknown}
Potions
 b - a potion of brilliance
 e - a potion of ambrosia
 r - 2 potions of curing
 t - 2 potions of flight
 x - a potion of lignification
 I - a potion of haste
 Q - a potion of might
 W - a potion of poison {unknown}
Books
 J - a book of Fire

   Spells                             Type                      Level
   a - Ignite Poison                  Fire/Transmutation/Poison    3
   b - Fireball                       Conjuration/Fire             5
   c - Bolt of Fire                   Conjuration/Fire             6
   d - Delayed Fireball               Conjuration/Fire             7
   e - Ring of Flames                 Charms/Fire                  7
   Trog disapproves of the use of such an item.
Miscellaneous
 L - a fan of gales
Comestibles
 c - 4 bread rations
 i - 3 slices of pizza
 l - 2 fruits
 F - a beef jerky
 T - 2 chunks of flesh


   Skills:
 + Level 9.5 Fighting
 + Level 10.3(10.7) Axes
   Level 3.5(7.5) Maces & Flails
 + Level 2.6(7.1) Polearms
 + Level 4.7 Throwing
 + Level 10.7 Armour
 + Level 6.6 Dodging
 + Level 2.0 Stealth
 + Level 12.6 Shields


You had 11 spell levels left.
You didn't know any spells.

Dungeon Overview and Level Annotations

Branches:
Dungeon (8/15)             Temple (1/1) D:7            Lair (3/8) D:8
 Shoals (1/4) Lair:3
  Snake: Lair:3-6    Spider: Lair:3-6

Altars:
Ashenzari
Cheibriados
Dithmenos
Elyvilon
Gozag
Kikubaaqudgha
Makhleb
Nemelex Xobeh
Qazlal
Sif Muna
Trog
Yredelemnul
Zin

Shops:
D:6 !

Annotations:
D:2 trog


Innate Abilities, Weirdness & Mutations

You reflexively headbutt those who attack you in melee.
You have a pair of horns on your head.


Message History

You slice the merfolk!!
You kill the merfolk!
Trog accepts your kill.
Your shield prevents you from hitting the sea snake.
The sea snake is lightly wounded.
The merfolk aquamancer gestures at you while chanting.
You block the great wave of water.
The wave splashes down.
Splash!
You fall into the shallow water.
Moving in this stuff is going to be slow.
You hear a shout! x2
Your unstable footing causes you to fumble your attack.
You block the sea snake's attack.
You slash the sea snake!
The sea snake is moderately wounded.
The sea snake bites you but does no damage.
Your unstable footing causes you to fumble your attack.
The merfolk aquamancer gestures at you while chanting.
The great wave of water hits you!
You die...

################
≈≈≈≈≈≈≈≈≈≈≈≈≈≈≈≈≈
≈≈≈≈≈≈≈≈≈≈≈≈≈≈≈≈≈≈
≈≈≈≈≈≈≈≈≈≈≈≈≈≈≈≈≈≈≈
≈≈≈≈≈≈≈≈≈≈≈≈≈≈≈≈≈≈≈≈≈
≈≈≈≈≈≈≈≈≈≈≈≈≈≈≈≈≈≈≈≈≈≈
≈≈≈≈≈≈≈≈≈≈≈≈...≈≈≈≈≈≈≈
≈≈≈≈≈≈≈≈≈≈≈..(.)...≈≈≈
≈≈≈≈≈≈≈≈≈≈≈≈..S@)..m..≈
≈≈≈≈≈≈≈≈≈≈≈≈...######...
≈≈≈≈≈≈≈≈.≈≈....## .
≈≈≈≈≈≈≈≈........#
≈≈≈≈≈≈≈≈≈....#..#
≈≈≈≈≈≈≈≈....##..#
≈≈≈≈≈≈≈≈....##..#
≈≈≈≈≈≈≈≈≈..###..#
≈≈≈≈≈≈≈≈≈..# ...


You could see a sea snake and a merfolk aquamancer.

Vanquished Creatures
  The ghost of stevs the Executioner, an adept HOFi of Cheibriados (Shoals:1)
  A hydra (Lair:3)
  A sea snake (Shoals:1)
  Pikel (D:7)
  A black mamba (Lair:2)
  A siren (Lair:3)
  2 spiny frogs (Lair:3)
  2 komodo dragons
  2 merfolk (Shoals:1)
  4 blink frogs (Lair:3)
  3 snapping turtles (Shoals:1)
  13 yaks
  A water elemental (Shoals:1)
  A hippogriff (Lair:1)
  Menkaure (D:6)
  A steam dragon (D:7)
  6 wolves (Lair:3)
  An ice beast (D:6)
  5 porcupines
  An orc warrior (D:7)
  A slave (D:7)
  4 black bears
  A phantom (D:5)
  3 sky beasts
  4 ogres
  A centaur (D:5)
  2 crocodiles (Lair:2)
  2 big kobolds (D:8)
  2 giant frogs
  A wyvern zombie (D:7)
  3 scorpions
  6 killer bees (D:7)
  8 wights
  A giant frog zombie (D:4)
  3 crimson imps (D:8)
  A quasit (D:8)
  2 hounds
  A jelly (D:8)
  A centaur skeleton (D:5)
  Ijyb (D:3)
  2 giant frog skeletons
  6 orc wizards
  4 iguanas
  11 worker ants
  7 sheep (Lair:2)
  2 worker ant zombies
  A hound skeleton (D:3)
  8 adders
  10 gnolls
  13 river rats
  3 shadow imps (D:5)
  An adder zombie (D:3)
  6 oozes
  4 worms
  An adder skeleton (D:7)
  7 giant geckos
  36 orcs
  9 bats
  9 giant cockroaches
  13 hobgoblins
  15 jackals (D:3)
  24 kobolds
  3 ball pythons
  3 giant newts
  16 goblins
  A jackal skeleton (D:5)
  2 quokkas (D:4)
  7 rats
  A bush (D:8)
  A fungus (Lair:1)
  5 plants
328 creatures vanquished.

Vanquished Creatures (collateral kills)
  2 hydras
  A water nymph (Lair:3)
  3 spiny frogs
  A merfolk (Shoals:1)
  A water elemental (Shoals:1)
  A sky beast (D:7)
  A slave (D:7)
  2 river rats (Lair:1)
  An orc (D:7)
13 creatures vanquished.

Vanquished Creatures (others)
  2 fungi
  2 plants (Lair:2)
4 creatures vanquished.

Grand Total: 345 creatures vanquished

Notes
Turn   | Place    | Note
--------------------------------------------------------------
     0 | D:1      | DMSwoyer the Minotaur Berserker began the quest for the Orb.
     0 | D:1      | Reached XP level 1. HP: 19/19 MP: 0/0
   391 | D:1      | Reached XP level 2. HP: 27/27 MP: 1/1
   650 | D:1      | Reached skill level 4 in Axes
   887 | D:2      | Reached XP level 3. HP: 30/33 MP: 2/2
   967 | D:2      | Acquired Trog's second power
  1264 | D:2      | Reached XP level 4. HP: 34/41 MP: 3/3
  1486 | D:3      | Found a sparkling altar of Nemelex Xobeh.
  1832 | D:3      | Noticed Ijyb
  1842 | D:3      | Killed Ijyb
  1842 | D:3      | Reached XP level 5. HP: 18/47 MP: 4/4
  2885 | D:3      | Acquired Trog's third power
  2994 | D:4      | Reached skill level 1 in Polearms
  3176 | D:4      | Found a burning altar of Makhleb.
  3181 | D:4      | Reached XP level 6. HP: 47/55 MP: 5/5
  3532 | D:4      | Reached skill level 1 in Throwing
  3580 | D:4      | Reached skill level 1 in Maces & Flails
  3580 | D:4      | Reached skill level 5 in Armour
  3727 | D:4      | Found an ancient bone altar of Kikubaaqudgha.
  3826 | D:5      | Entered Level 5 of the Dungeon
  3913 | D:5      | Reached XP level 7. HP: 44/60 MP: 6/6
  3978 | D:5      | Found a deep blue altar of Sif Muna.
  4076 | D:5      | Found a shattered altar of Ashenzari.
  4629 | D:5      | Reached skill level 5 in Fighting
  4629 | D:5      | Reached skill level 6 in Armour
  4826 | D:5      | Reached skill level 1 in Shields
  5013 | D:6      | Found an opulent altar of Gozag.
  5034 | D:6      | Found Uxucvaer's Distillery.
  5113 | D:6      | Reached XP level 8. HP: 54/68 MP: 7/7
  5490 | D:6      | Reached skill level 7 in Armour
  5538 | D:6      | Found a stormy altar of Qazlal.
  5587 | D:6      | Reached skill level 5 in Dodging
  5866 | D:6      | Received a gift from Trog
  6069 | D:6      | Found a basalt altar of Yredelemnul.
  6085 | D:6      | Noticed Menkaure
  6096 | D:6      | Killed Menkaure
  6096 | D:6      | Received a gift from Trog
  6096 | D:6      | Reached skill level 5 in Axes
  6096 | D:6      | Reached skill level 5 in Shields
  6726 | D:6      | Received a gift from Trog
  7002 | D:7      | Reached XP level 9. HP: 47/75 MP: 8/8
  7521 | D:7      | Reached skill level 8 in Armour
  7863 | D:7      | Found a staircase to the Ecumenical Temple.
  8138 | D:7      | Noticed Pikel
  8146 | D:7      | Killed Pikel
  8146 | D:7      | Reached skill level 1 in Stealth
  8352 | Temple   | Entered the Ecumenical Temple
  8449 | D:8      | Found a white marble altar of Elyvilon.
  8470 | D:8      | Found a glowing silver altar of Zin.
  8479 | D:8      | Found a snail-covered altar of Cheibriados.
  8488 | D:8      | Found an opulent altar of Gozag.
  8558 | D:8      | Found a bloodstained altar of Trog.
  8655 | D:8      | Reached skill level 9 in Shields
  8842 | D:8      | Reached XP level 10. HP: 86/86 MP: 9/9
  9178 | D:8      | Found a staircase to the Lair.
  9188 | Lair:1   | Entered Level 1 of the Lair of Beasts
  9525 | Lair:1   | Noticed a six-headed hydra
  9532 | Lair:1   | Killed a six-headed hydra
  9680 | Lair:1   | Reached skill level 10 in Shields
 10299 | Lair:2   | Upgraded the game from 0.17-a0-2028-g5c22979 to 0.17-a0-2055-gb4e23be
 10733 | Lair:2   | Noticed a black mamba
 10754 | Lair:2   | HP: 4/88 [black mamba (6)]
 10757 | Lair:2   | Killed a black mamba
 11187 | Lair:2   | Noticed a four-headed hydra
 11196 | Lair:2   | Killed a four-headed hydra
 11196 | Lair:2   | Reached XP level 11. HP: 72/95 MP: 10/10
 11819 | Lair:2   | Reached skill level 11 in Shields
 13058 | Lair:3   | Noticed a six-headed hydra
 13073 | Lair:3   | Killed a six-headed hydra
 13117 | Lair:3   | Found a staircase to the Shoals.
 13145 | Lair:3   | Reached skill level 10 in Armour
 13410 | Shoals:1 | Entered Level 1 of the Shoals
 13891 | Shoals:1 | Noticed a sea snake
 13910 | Shoals:1 | Killed a sea snake
 13910 | Shoals:1 | Reached skill level 10 in Axes
 13910 | Shoals:1 | Reached skill level 12 in Shields
 13966 | Shoals:1 | Noticed stevs's ghost (adept HOFi)
 14296 | Shoals:1 | Killed stevs's ghost
 14791 | Shoals:1 | Noticed a merfolk aquamancer
 14796 | Shoals:1 | Reached XP level 12. HP: 99/105 MP: 11/11
 14815 | Shoals:1 | Noticed a sea snake
 14822 | Shoals:1 | Killed from afar by a merfolk aquamancer

Vault maps used:
D:1:      sevenhm_arrival_forest_fort_large_2, minmay_misc_feat_nine_boxes,
          minmay_distorted
D:2:      forest_paths, lemuel_doored_altar, first_bread, tgw_xom, uniq_sigmund
D:3:      kennysheep_the_goblin_king, nemelex_xobeh_ov_fountains_minmay,
          minmay_close_crescents, uniq_iyjb
D:4:      lemuel_round_altar, kennysheep_flooded_box
D:5:      led_sif_book, kennysheep_mini_moat
D:6:      corexii_shantytown, overflow_temple_1_default, old_standard_altar,
          serial_shops, nicolae_shop_crystal, grunt_gozag_statues, uniq_menkaure
D:7:      minmay_temple_entry_glass, uniq_pikel
D:8:      trog_ov_bears_minmay, grunt_temple_overflow_cloverleaf, lair_0_dummy,
          uniq_joseph
Temple:   circular_temple_6
Lair:1:   beast_lair_carwin_2, uniq_gastronok
Lair:3:   minmay_shoals_entry_lonely_mermaid

Action                   |  1- 3 |  4- 6 |  7- 9 | 10-12 || total
-------------------------+-------+-------+-------+-------++-------
Melee: Hand axe          |    85 |    47 |   281 |       ||   413
       Halberd           |       |    51 |       |       ||    51
       Flail             |       |    58 |    65 |       ||   123
       War axe           |       |       |    46 |   396 ||   442
 Fire: Blowgun           |       |       |       |    20 ||    20
Throw: Stone             |    12 |    12 |     9 |       ||    33
       Tomahawk          |       |     7 |     8 |       ||    15
       Javelin           |       |       |     2 |    44 ||    46
Invok: Berserk           |       |     3 |     6 |     5 ||    14
       Trog's Hand       |       |     3 |     1 |       ||     4
       Brothers in Arms  |       |       |     3 |     7 ||    10
       Burn Spellbooks   |       |       |     1 |       ||     1
  Use: Scroll            |       |     7 |    10 |     3 ||    20
       Potion            |       |       |     9 |     2 ||    11
  Eat: Chunk             |     1 |     6 |    14 |     4 ||    25
       Bread ration      |       |     1 |     2 |     1 ||     4
       Beef jerky        |       |     1 |       |     2 ||     3
       Meat ration       |       |       |       |     3 ||     3
       Fruit             |       |       |       |     1 ||     1
